 Dungeon Crawl Stone Soup version 0.17.1-3-g152610e (webtiles) character file.

430 Inkary the Ruffian (level 6, -1/59 HPs)
             Began as a Troll Fighter on Apr 23, 2016.
             Slain by an orc warrior
             ... wielding a +0 trident
              (19 damage)
             ... on level 4 of the Dungeon on Apr 24, 2016.
             The game lasted 00:12:20 (2408 turns).

Inkary the Ruffian (Troll Fighter)                  Turns: 2408, Time: 00:12:21

Health: -1/59      AC:  5    Str: 25    XL:     6   Next: 66%
Magic:  5/5        EV:  9    Int:  4    God:
Gold:   196        SH:  9    Dex: 11    Spells: 0 memorised, 5 levels left

rFire  . . .     SeeInvis .       - Unarmed
rCold  . . .     Clarity  +     a - +0 robe
rNeg   . . .     SustAt   .     b - +0 shield
rPois  .         Gourm    +     (helmet restricted)
rElec  .         Spirit   .     (no cloak)
rCorr  .         Warding  .     (gloves unavailable)
rMut   .         Stasis   .     (boots unavailable)
MR     .....                    j - amulet of clarity
Stlth  +.........               (no ring)
                                (no ring)

@: not resistant to hostile enchantments, very unstealthy
A: unfitting armour, claws 3, fast metabolism 3, gourmand, regeneration 2,
shaggy fur 1, tough skin 2
a: no special abilities


You were on level 4 of the Dungeon.
You were very full.

You visited 1 branch of the dungeon, and saw 4 of its levels.

You collected 196 gold pieces.

Inventory:

Armour
 a - a +0 robe (worn)
 b - a +0 shield (worn)
Jewellery
 j - an amulet of clarity (around neck)
 l - an uncursed amulet of resist corrosion
 n - an uncursed ring of teleportation
Wands
 i - a wand of enslavement (16)
 m - a wand of slowing (28)
Scrolls
 k - a scroll of amnesia {unknown}
 p - a scroll of teleportation {unknown}
 q - a scroll of remove curse
 u - a scroll of enchant armour {unknown}
 v - 4 scrolls of identify
Potions
 c - a potion of might
 e - 2 potions of resistance {unknown}
 f - 3 potions of curing
 h - a potion of brilliance {unknown}
 o - a potion of mutation {unknown}
 s - a potion of heal wounds {unknown}
Comestibles
 d - 4 bread rations
 g - 2 meat rations
 r - 7 fruits
 t - 8 chunks of flesh
 w - a beef jerky


   Skills:
 - Level 2.6 Fighting
 + Level 4.6 Dodging
 - Level 2.6 Shields
 + Level 5.1 Unarmed Combat


You had 5 spell levels left.
You didn't know any spells.

Dungeon Overview and Level Annotations

Branches:
Dungeon (4/15)
 Temple: D:4-7

Altars:
Elyvilon
Xom

Annotations:
D:4 Edmund


Innate Abilities, Weirdness & Mutations

You are too large for most types of armour.
You have claws for hands.
Your metabolism is lightning-fast.
You like to eat raw meat.
You heal very quickly.
You are covered in fur (AC +1).
You have very tough skin (AC +2).


Message History

You claw the orc warrior!
The orc warrior is almost dead.
The orc warrior hits you with a trident!
The orc hits you with a short sword.
You scratch the orc warrior.
The orc warrior is almost dead.
You block the orc warrior's attack. You block the orc's attack.
You scratch the orc warrior but do no damage.
The orc warrior is almost dead.
The orc warrior misses you.
There are monsters nearby!
You scratch the orc warrior but do no damage.
The orc warrior is almost dead.
You block the orc's attack.
The orc warrior hits you with a trident!!
You closely miss the orc warrior.
The orc warrior is almost dead.
The orc hits you with a short sword.
The orc warrior hits you with a trident!!
You die...

......######...#### #..........
...#.#########....#####..........
####......#######................
####.........#######..........
##.###### ### #.......... ####
#.### .. ########### ...#
#...###### .# .#.#
###.....o##.##..## ....
#....oo@.......# ##@##
#...#(##########.. .........#))#
######..##... #... #.o.. #...
#..$# #... $.8.. #). #8.# .##


You could see an orc warrior and 2 orcs.

Vanquished Creatures
  An ogre (D:4)
  An orc priest (D:4)
  A hound (D:4)
  2 orc wizards
  2 iguanas (D:4)
  2 worker ants
  A hound skeleton (D:4)
  5 adders
  3 oozes
  A giant gecko (D:2)
  8 orcs
  3 giant cockroaches
  3 hobgoblins
  3 jackals (D:2)
  4 kobolds
  A quokka (D:2)
  A ball python (D:3)
  9 bats
  3 giant newts
  4 goblins
  10 rats
68 creatures vanquished.

Notes
Turn   | Place    | Note
--------------------------------------------------------------
     0 | D:1      | Inkary the Troll Fighter began the quest for the Orb.
     0 | D:1      | Reached XP level 1. HP: 22/22 MP: 0/0
   292 | D:1      | Reached XP level 2. HP: 29/29 MP: 1/1
   809 | D:2      | Reached XP level 3. HP: 17/36 MP: 2/2
   987 | D:2      | Found a shimmering altar of Xom.
   989 | D:2      | Found a shimmering altar of Xom.
   989 | D:2      | Found a shimmering altar of Xom.
   990 | D:2      | Found a shimmering altar of Xom.
  1150 | D:2      | Reached skill level 3 in Unarmed Combat
  1390 | D:3      | Reached XP level 4. HP: 44/44 MP: 3/3
  1441 | D:3      | Found a white marble altar of Elyvilon.
  1807 | D:3      | Reached XP level 5. HP: 29/50 MP: 4/4
  1974 | D:4      | Reached skill level 4 in Unarmed Combat
  2072 | D:4      | Reached XP level 6. HP: 59/59 MP: 5/5
  2196 | D:4      | Noticed an ogre
  2205 | D:4      | Killed an ogre
  2254 | D:4      | Noticed Edmund
  2264 | D:4      | Reached skill level 5 in Unarmed Combat
  2381 | D:4      | Noticed an orc warrior
  2408 | D:4      | Slain by an orc warrior

Action                   |  1- 3 |  4- 6 || total
-------------------------+-------+-------++-------
Melee: Unarmed           |   121 |    98 ||   219
  Use: Scroll            |     3 |       ||     3
  Eat: Chunk             |    18 |     9 ||    27
